 Dungeon Crawl Stone Soup version 0.21-a0-92-g7bf63f6 (webtiles) character file.

1343 Ordine the Basher (level 8, 0/46 HPs)
             Began as a Gargoyle Fighter on July 1, 2017.
             Was a Believer of Okawaru.
             Slain by an ogre
             ... wielding a +0 giant club
              (12 damage)
             ... on level 5 of the Dungeon.
             The game lasted 00:10:27 (5234 turns).

Ordine the Basher (Gargoyle Fighter)                Turns: 5234, Time: 00:10:28

Health: 0/46       AC: 13    Str: 20    XL:     8   Next: 62%
Magic:  0/8        EV:  9    Int:  9    God:    Okawaru [**....]
Gold:   262        SH:  5    Dex: 11    Spells: 7/7 levels left

rFire    . . .     SeeInvis .   a - +0 flail
rCold    . . .     Gourm    .   i - +0 buckler
rNeg     + . .     Faith    .   b - +0 scale mail
rPois    ∞         Spirit   +   o - +0 helmet
rElec    +         Reflect  .   e - scarf {cloud immunity}
rCorr    +         Harm     .   (no gloves)
MR       .....                  (no boots)
Stlth    ..........             h - amulet of guardian spirit
HPRegen  0.15/turn              l - ring of resist corrosion
MPRegen  0.11/turn              (no ring)

@: no status effects
A: negative energy resistance 1, electricity resistance, unbreathing,
petrification resistance, rot immunity, AC +5
a: Heroism, Renounce Religion


You were on level 5 of the Dungeon.
You worshipped Okawaru.
Okawaru was pleased with you.
You were hungry.

You visited 2 branches of the dungeon, and saw 7 of its levels.

You collected 262 gold pieces.

Inventory:

Hand Weapons
 a - a +0 flail (weapon)
Armour
 b - a +0 scale mail (worn)
 c - a +0 shield
 e - a scarf of cloud immunity (worn)
 i - a +0 buckler (worn)
 o - a +0 helmet (worn)
Jewellery
 h - an amulet of guardian spirit (around neck)
 l - a ring of resist corrosion (left hand)
Scrolls
 g - 2 scrolls of recharging
 p - 2 scrolls of blinking
 q - 2 scrolls of identify
Potions
 d - 3 potions of heal wounds
 j - a potion of haste
 k - a potion of flight
 m - 2 potions of brilliance
 n - 3 potions of curing
 r - a potion of magic
 s - a potion of might
Comestibles
 f - 6 bread rations
 t - a royal jelly


   Skills:
 - Level 3.2 Fighting
 * Level 8.7 Maces & Flails
 - Level 3.2 Armour
 + Level 7.1 Shields


You had 7 spell levels left.
You didn't know any spells.

Dungeon Overview and Level Annotations

Branches:
Dungeon (6/15)             Temple (1/1) D:4

Altars:
Ashenzari
Cheibriados
Dithmenos
Elyvilon
Fedhas
Hepliaklqana
Kikubaaqudgha
Makhleb
Nemelex Xobeh
Okawaru
Qazlal
Ru
Sif Muna
Trog
Uskayaw
Vehumet
Wu Jian
Xom
Yredelemnul
Zin
The Shining One


Innate Abilities, Weirdness & Mutations

You are resistant to torment.
Your stone body is resilient. (AC +5)
You are immune to poison.
You resist negative energy. (rN+)
You are resistant to electric shocks. (rElec)
You can survive without breathing.
You are immune to petrification.
You are immune to rotting.


Message History

The ogre hits you with a giant club.
You hit the ogre but do no damage. The ogre hits you with a giant club.
You hit the ogre.
The ogre is lightly wounded.
You sock the ogre!
The ogre is heavily wounded.
The ogre barely misses you.
You hit the ogre.
The ogre is heavily wounded.
The ogre hits you with a giant club!!
* * * LOW HITPOINT WARNING * * *
You are too injured to fight recklessly!
You are too injured to fight recklessly!
You are too injured to fight recklessly!
You barely miss the ogre.
The ogre is heavily wounded.
Your scale mail prevents you from hitting the ogre.
The ogre is heavily wounded.
The ogre hits you with a giant club!
You die...

### #### #.#####..#
###........#######
#..........#.....#
#.#.#####..#.###.#
##########.#........#.# #.#
............######.##.# #.#
####........####......###.#
................@.>.....#.####
####........###O.#.##........#
..##.........................#
..##........###..#.#.........####
........###.#....#.#.........##..
..##.#......#.#.##.#.........##.#
..##.#......#......#.........##.#
..##.#.#.##.#................##.#
#.##.#.#..#.##..#####............


You could see an ogre.

Vanquished Creatures
  Pikel (D:3)
  Sigmund (D:2)
  2 slaves
  A phantom (D:5)
  A scorpion (D:5)
  A water moccasin skeleton (D:6)
  A howler monkey (D:4)
  A vampire bat (D:4)
  An orc priest (D:4)
  2 hounds
  3 orc wizards
  3 iguanas (D:4)
  A worker ant (D:5)
  Terence (D:3)
  6 adders
  An ooze (D:3)
  An adder skeleton (D:5)
  4 worms
  2 dart slugs
  4 leopard geckos
  14 orcs
  A ball python (D:2)
  16 bats
  5 giant cockroaches
  3 goblins (D:1)
  6 hobgoblins
  11 jackals
  2 quokkas
  4 frilled lizards
  8 kobolds
  A leopard gecko skeleton (D:5)
  3 rats
112 creatures vanquished.

Notes
Turn   | Place    | Note
-------+----------+-------------------------------------------
     0 | D:1      | Ordine the Gargoyle Fighter began the quest for the Orb.
     0 | D:1      | Reached XP level 1. HP: 14/14 MP: 1/1
   214 | D:1      | Reached XP level 2. HP: 14/19 MP: 2/2
   651 | D:1      | Found a sparkling altar of Nemelex Xobeh.
   961 | D:2      | Reached skill level 3 in Maces & Flails
   961 | D:2      | Reached XP level 3. HP: 21/23 MP: 3/3
  1239 | D:2      | Noticed Sigmund
  1274 | D:2      | Killed Sigmund
  1274 | D:2      | Reached skill level 5 in Maces & Flails
  1274 | D:2      | Reached XP level 4. HP: 9/28 MP: 4/4
  1274 | D:2      | Reached XP level 5. HP: 11/32 MP: 5/5
  1563 | D:2      | Reached XP level 6. HP: 36/37 MP: 6/6
  2013 | D:3      | Noticed Terence
  2022 | D:3      | Killed Terence
  2051 | D:3      | Reached skill level 5 in Shields
  2928 | D:4      | Found a staircase to the Ecumenical Temple.
  2961 | Temple   | Entered the Ecumenical Temple
  2987 | Temple   | Became a worshipper of Warmaster Okawaru
  3109 | D:4      | Noticed a slave
  3113 | D:4      | Noticed a slave
  3113 | D:4      | Noticed a slave
  3114 | D:4      | Noticed Pikel
  3119 | D:4      | Noticed a slave
  3135 | D:4      | Killed a slave
  3165 | D:3      | Killed a slave
  3356 | D:4      | Reached skill level 6 in Maces & Flails
  3388 | D:3      | Killed Pikel
  3388 | D:3      | Reached * piety under Okawaru
  3388 | D:3      | Reached skill level 7 in Maces & Flails
  3388 | D:3      | Reached XP level 7. HP: 24/41 MP: 4/7
  3388 | D:3      | Reached XP level 8. HP: 27/46 MP: 4/8
  4105 | D:4      | Reached skill level 8 in Maces & Flails
  4196 | D:5      | Entered Level 5 of the Dungeon
  4387 | D:5      | Reached ** piety under Okawaru
  5234 | D:5      | Slain by an ogre

Vault maps used:
D:1:      minmay_arrival_widening_spiral_wide, nemelex_diamond_rough_becter
D:2:      glass_columns_c, uniq_sigmund
D:3:      first_bread, nicolae_underground_beach, uniq_terence
D:4:      temple_pool_b, roderic_batcave, kennysheep_minor_cross, uniq_pikel
Temple:   grunt_wide_crystal_templ

Skill      XL: |  1  2  3  4  5  6  7  8 |
---------------+-------------------------+-----
Maces & Flails | 3 5 7 8 |  8.7
Shields        | 4 6 7 |  7.1
Fighting       | |  3.2
Armour         | |  3.2

Action                   |  1- 3 |  4- 6 |  7- 9 || total
-------------------------+-------+-------+-------++-------
Melee: Flail             |   168 |   234 |   198 ||   600
  Use: Scroll            |     4 |     5 |     6 ||    15
       Potion            |     2 |       |       ||     2
  Eat: Chunk             |     1 |     7 |     6 ||    14
Armor: Scale mail        |   107 |   160 |   107 ||   374
Dodge: Dodged            |    54 |   115 |    69 ||   238
Block: Shield            |    96 |    16 |       ||   112
       Buckler           |       |    62 |    56 ||   118
